 Dungeon Crawl Stone Soup version 0.30.1-9-gdf580d7c3d (webtiles) character file.

Game seed: 5095177998938138234

84 KittyFluff the Trooper (level 4, -1/43 HPs)
             Began as a Gargoyle Berserker on Oct 21, 2023.
             Was a Believer of Trog.
             Slain by a gnoll
             ... wielding a +0 spear
              (5 damage)
             ... on level 3 of the Dungeon.
             The game lasted 00:06:50 (1697 turns).

KittyFluff the Trooper (Gargoyle Berserker)         Turns: 1697, Time: 00:06:50

Health: -1/43      AC:  7    Str: 22    XL:     4   Next: 45%
Magic:  4/4        EV: 12    Int:  8    God:    Trog [**....]
Gold:   55         SH:  0    Dex: 15    Spells: 3/3 levels left

rFire   . . .        a - +0 mace
rCold   . . .        (no shield)
rNeg    + . .        q - +0 leather armour
rPois   ∞            (no helmet)
rElec   +            (no cloak)
rCorr   .            (no gloves)
SInv    .            (no boots)
Will    .....        (no amulet) Stlth
                     m - +6 ring of dexterity
HPRegen 0.27/turn    (no ring)
MPRegen 0.09/turn

%: no passive effects
@: berserking, very quick
A: sickness immunity, AC +3, negative energy resistance 1, electricity
resistance, torment resistance 1, petrification resistance
a: Renounce Religion, Berserk, Trog's Hand


You were on level 3 of the Dungeon.
You worshipped Trog.
Trog was pleased with you.
You visited 1 branch of the dungeon, and saw 3 of its levels.

You collected 55 gold pieces.

Inventory:

Hand Weapons
 a - a +0 mace (weapon)
Missiles
 o - 5 curare-tipped darts (quivered)
 t - 3 poisoned darts
Armour
 q - a +0 leather armour (worn)
Jewellery
 m - a +6 ring of dexterity (left hand)
Scrolls
 e - 2 scrolls of poison {unknown}
 i - a scroll of amnesia {unknown}
 k - a scroll of vulnerability {unknown}
 l - a scroll of acquirement {unknown}
 s - a scroll of noise {unknown}
Potions
 b - a potion of experience
 c - a potion of lignification
 d - a potion of flight
 f - a potion of mutation {unknown}
 g - 2 potions of resistance
 h - 2 potions of might
 j - 2 potions of brilliance {unknown}
 n - a potion of magic {unknown}
 p - a potion of heal wounds {unknown}
 r - a potion of invisibility {unknown}


   Skills:
 + Level 4.0 Fighting
 + Level 3.6 Maces & Flails
 + Level 3.0 Armour
 + Level 2.2 Dodging


You had 3 spell levels left.
You didn't know any spells.
Your spell library was empty.

Dungeon Overview and Level Annotations

Branches:
Dungeon (3/15)

Altars:

Annotations:
D:3 Terence


Innate Abilities, Weirdness & Mutations

You are immune to sickness and miasma.
Your stone body is resilient. (AC +3)
You are immune to poison.
You resist negative energy. (rN+)
You are resistant to electric shocks. (rElec)
You are resistant to unholy torment.
You are immune to petrification.


Message History

The gnoll closely misses you.
You hit the gnoll.
The gnoll is almost dead.
The gnoll hits you with a +0 whip. The gnoll barely misses you.
You hit the gnoll.
The gnoll is almost dead.
The gnoll misses you.
You barely miss the gnoll.
The gnoll is almost dead.
The gnoll barely misses you.
You barely miss the gnoll.
The gnoll is almost dead.
The gnoll closely misses you.
You thump the gnoll!
You kill the gnoll!
Trog accepts your kill.
You hit Terence but do no damage. Terence barely misses you.
The gnoll barely misses you. The gnoll misses you. Terence barely misses you.
You hit Terence.
Terence is lightly wounded.
Terence hits you with a +0 hand axe!
The gnoll hits you from afar with a +0 spear.
You hit Terence.
Terence is moderately wounded.
Terence hits you with a +0 hand axe.
The gnoll hits you from afar with a +0 spear.
A red film seems to cover your vision as you go berserk!
You feel yourself moving faster!
You feel mighty! Terence hits you with a +0 hand axe.
The gnoll hits you from afar with a +0 spear.
* * * LOW HITPOINT WARNING * * *
You closely miss Terence.
Terence is moderately wounded.
Terence hits you with a +0 hand axe.
* * * LOW HITPOINT WARNING * * *
The gnoll closely misses you.
You hit Terence.
Terence is severely wounded.
The gnoll hits you from afar with a +0 spear.
You die...

. .## . ## ..#
... #. #.# ...
#. #g# ....##.
#g#
.......###@###
.....#..).@..#
#...######
#...### #...
#.....# . ##...
#....## .. ....
#....# .#..##
#....# .
#.....###....###
..#.
#...........#


You could see Terence and 2 gnolls.

Vanquished Creatures
  3 adders (D:2)
  2 gnolls (D:3)
  A dart slug (D:2)
  5 ball pythons
  An endoplasm (D:2)
  2 giant cockroaches
  2 hobgoblins
  4 jackals (D:2)
  A quokka (D:2)
  4 bats
  2 frilled lizards (D:1)
  4 goblins
  2 kobolds (D:1)
  4 rats
37 creatures vanquished.

Notes
Turn   | Place    | Note
-------+----------+-------------------------------------------
     0 | D:1      | KittyFluff the Gargoyle Berserker began the quest for the
                  | Orb.
     0 | D:1      | Reached XP level 1. HP: 14/14 MP: 1/1
   342 | D:1      | Reached XP level 2. HP: 19/19 MP: 2/2
   784 | D:2      | Reached XP level 3. HP: 19/24 MP: 3/3
  1129 | D:2      | Reached ** piety under Trog
  1137 | D:2      | Reached XP level 4. HP: 29/29 MP: 4/4
  1477 | D:3      | Found a faded altar of an unknown god.
  1682 | D:3      | Reached skill level 4 in Fighting
  1685 | D:3      | Noticed Terence
  1697 | D:3      | Slain by a gnoll

Illustrated notes

Levels and vault maps discovered:
D:1:      dpeg_arrival_three_same_balls, layout_basic
D:2:      layout_loops_ring
D:3:      layout_basic, nicolae_ecumenical_pavilion, minmay_joined_circles,
          uniq_terence, uniq_crazy_yiuf_cottage

Skill      XL: |  1  2  3  4 |
---------------+-------------+-----
Dodging        | 2 |  2.2
Fighting       | 4 |  4.0
Armour         | 3 |  3.0
Maces & Flails | |  3.6

Action                     |  1- 3 |  4- 6 || total
---------------------------+-------+-------++-------
  Melee: Mace              |    83 |    35 ||   118
 Invoke: Berserk           |       |     1 ||     1
    Use: Scroll            |       |     5 ||     5
 Armour: Animal skin       |    30 |     2 ||    32
         Leather armour    |       |     4 ||     4
  Dodge: Dodged            |    58 |    27 ||    85
